 Dungeon Crawl Stone Soup version 0.31-a0-196-g86fe4a5e66 (webtiles) character file.

Game seed: 3002770490788281516

1600 BubbleThief the Stinger (level 8, -4/76 HPs)
             Began as a Naga Venom Mage on June 23, 2023.
             Was a Follower of Cheibriados.
             Slain by a sky beast (5 damage)
             ... on level 7 of the Dungeon on June 25, 2023.
             The game lasted 00:11:23 (5090 turns).

BubbleThief the Stinger (Naga Venom Mage)           Turns: 5090, Time: 00:11:24

Health: -4/76      AC:  5    Str: 13    XL:     8   Next: 94%
Magic:  11/17      EV: 10    Int: 19    God:    Cheibriados [*.....]
Gold:   176        SH:  0    Dex: 14    Spells: 11/19 levels left

rFire   . . .        v - +2 dagger (venom)
rCold   . . .        (no shield)
rNeg    . . .        a - +0 robe
rPois   +            t - +1 helmet
rElec   .            (no cloak)
rCorr   +            (no gloves)
SInv    +            (no barding)
Will    +....        (no amulet)
Stlth   ++           o - ring of resist corrosion
HPRegen 0.32/turn    (no ring)
MPRegen 0.15/turn

%: no passive effects
@: very slow
A: AC +2, large, see invisible, deformed body, poison resistance, slowness 2,
spit poison 1, naga tail 1
a: Spit Poison, Renounce Religion, Bend Time


You were on level 7 of the Dungeon.
You worshipped Cheibriados.
Cheibriados was aware of your devotion.
You visited 1 branch of the dungeon, and saw 7 of its levels.

You collected 176 gold pieces.

Inventory:

Hand Weapons
 v - a +2 dagger of venom (weapon)
Armour
 a - a +0 robe (worn)
 t - a +1 helmet (worn)
Jewellery
 o - a ring of resist corrosion (left hand)
 w - a ring of protection from cold
Wands
 c - a wand of iceblast (7)
Scrolls
 d - 3 scrolls of identify {unknown}
 f - 3 scrolls of blinking {unknown}
 i - 2 scrolls of immolation {unknown}
 k - 2 scrolls of teleportation {unknown}
 l - a scroll of acquirement {unknown}
 r - a scroll of fear {unknown}
 s - a scroll of torment {unknown}
 u - a scroll of vulnerability {unknown}
 x - a scroll of silence {unknown}
 y - a scroll of noise {unknown}
Potions
 e - 4 potions of curing {unknown}
 g - 2 potions of lignification {unknown}
 h - 2 potions of resistance {unknown}
 j - a potion of heal wounds {unknown}
 m - 2 potions of attraction {unknown}
 n - a potion of mutation {unknown}
 p - a potion of cancellation {unknown}
 q - a potion of enlightenment {unknown}
 z - a potion of haste {unknown}


   Skills:
 + Level 6.2 Fighting
 - Level 1.5 Dodging
 - Level 3.0 Stealth
 - Level 6.1 Spellcasting
 - Level 1.0 Transmutations
 - Level 7.0 Poison Magic
 + Level 4.4 Invocations


You had 11 spell levels left.
You knew the following spells:

 Your Spells              Type           Power      Damage    Failure   Level
a - Sting                 Tmut/Pois      84%        1d7       2%          1
b - Mephitic Cloud        Conj/Pois/Air  14%        N/A       13%         3
c - Olgreb's Toxic Radia  Pois           32%        N/A       6%          4

Your spell library contained the following spells:

 Spells                   Type           Power      Damage    Failure   Level
 Poisonous Vapours        Pois/Air       38%        N/A       4%          2
 Ozocubu's Armour         Ice            5%         N/A       32%         3
 Metabolic Englaciation   Hex/Ice        2%         N/A       97%         5
 Simulacrum               Ice/Necr       2%         N/A       100%        6


Dungeon Overview and Level Annotations

Branches:
Dungeon (7/15)
 Temple: D:4-7

Altars:
Ashenzari
Cheibriados
Dithmenos
Elyvilon
Uskayaw
Yredelemnul
The Shining One

Annotations:
D:3 1 runed translucent door, Smol's ghost, amateur OpFi


Innate Abilities, Weirdness & Mutations

Your serpentine skin is tough. (AC +2)
You have supernaturally acute eyesight. (SInv)
Armour fits poorly on your strangely shaped body.
Your system is resistant to poisons. (rPois)
You cover ground very slowly.
You can spit poison.
You have a snake-like lower body.


Message History

The ice beast hits you but does no damage.
The sky beast barely misses you.
The centaur shoots a sling bullet.
The sling bullet closely misses the sky beast.
The sling bullet hits you.
* * * LOW HITPOINT WARNING * * *
Casting: Olgreb's Toxic Radiance (dangerous; 6% risk of failure)
Confirm with . or Enter, or press ? or * to list all spells.
Aiming: Mephitic Cloud (dangerous; 13% risk of failure)
Press: ? - help, Shift-Dir - straight line, f - sky beast, p - ice beast
Aim: a sky beast (severely wounded, slightly transparent, very poisoned, chance to affect: 77%)
The ball explodes into a vile cloud!
The stinking cloud engulfs the sky beast but does no damage.
The sky beast is severely wounded.
The stinking cloud engulfs the centaur but does no damage.
The centaur is almost dead.
The stinking cloud engulfs you but does no damage.
The stinking cloud engulfs the ice beast but does no damage.
The ice beast is moderately wounded.
The ice beast closely misses you.
The sky beast is engulfed in noxious fumes.
The sky beast hits you.
* * * LOW HITPOINT WARNING * * *
The sky beast shocks you.
* * * LOW HITPOINT WARNING * * *
The centaur is engulfed in noxious fumes.
The centaur appears confused.
Unknown command.
You hit the ice beast.
The ice beast is heavily wounded.
You kill the centaur!
Cheibriados thoroughly appreciates the change of pace.
The ice beast hits you.
* * * LOW HITPOINT WARNING * * *
The ice beast freezes you!
* * * LOW HITPOINT WARNING * * *
The sky beast is engulfed in noxious fumes.
The sky beast hits you.
* * * LOW HITPOINT WARNING * * *
The sky beast shocks you.
You die...

.........###.........#
..........).........###
...#.....#.............
....#....#.........#
..............).####
....##...##...†##
.........##....####
..............YY..##..##
#.....#......)☼Y@.......
####.####.....○.##......
### #####.### ##### ###


You could see an ice beast and 2 sky beasts.

Vanquished Creatures
  Sigmund (D:3)
  A steam dragon (D:7)
  Duvessa (D:4)
  2 black bears
  2 ogres
  2 centaurs
  A bullfrog (D:7)
  2 scorpions (D:4)
  Dowan (D:4)
  2 howler monkeys (D:7)
  A crimson imp (D:4)
  A hound (D:4)
  2 jellies
  An orc priest (D:4)
  A sleepcap (D:5)
  2 iguanas
  7 adders
  4 gnolls (D:4)
  2 white imps
  2 worms (D:4)
  A dart slug (D:2)
  11 orcs
  11 endoplasms
  5 giant cockroaches
  11 goblins
  4 hobgoblins
  3 quokkas
  9 ball pythons
  4 bats
  4 frilled lizards
  5 kobolds
  4 rats
110 creatures vanquished.

Notes
Turn   | Place    | Note
-------+----------+-------------------------------------------
     0 | D:1      | BubbleThief the Naga Venom Mage began the quest for the
                  | Orb.
     0 | D:1      | Reached XP level 1. HP: 15/15 MP: 3/3
   114 | D:1      | Reached XP level 2. HP: 22/22 MP: 5/5
   361 | D:1      | Reached XP level 3. HP: 28/28 MP: 6/6
   959 | D:2      | Reached skill level 5 in Poison Magic
  1052 | D:2      | Reached XP level 4. HP: 30/36 MP: 1/8
  1056 | D:2      | Learned a level 3 spell: Mephitic Cloud
  1061 | D:2      | Learned a level 4 spell: Olgreb's Toxic Radiance
  2042 | D:2      | Upgraded the game from 0.31-a0-187-gba352fbbf7 to
                  | 0.31-a0-188-g5e087ee2ca
  2129 | D:3      | Reached XP level 5. HP: 40/42 MP: 5/10
  2175 | D:3      | Noticed Sigmund
  2183 | D:3      | Killed Sigmund
  2184 | D:3      | Reached skill level 7 in Poison Magic
  2184 | D:3      | Reached XP level 6. HP: 39/49 MP: 1/12
  2305 | D:3      | Found a shadowy altar of Dithmenos.
  2307 | D:3      | Found a runed translucent door.
  2310 | D:3      | Noticed Smol's ghost (amateur OpFi)
  2370 | D:3      | Reached skill level 1 in Fighting
  2676 | D:3      | Found a basalt altar of Yredelemnul.
  3019 | D:3      | Found a white marble altar of Elyvilon.
  3417 | D:4      | Reached XP level 7. HP: 54/60 MP: 8/14
  3569 | D:4      | Reached skill level 5 in Spellcasting
  3789 | D:4      | Noticed Duvessa
  3790 | D:4      | Noticed Dowan
  3800 | D:4      | Killed Duvessa
  3803 | D:4      | Killed Dowan
  4026 | D:4      | Found a snail-covered altar of Cheibriados.
  4055 | D:4      | Became a worshipper of Cheibriados the Contemplative
  4129 | D:4      | Reached XP level 8. HP: 72/72 MP: 11/16
  4230 | D:4      | Found a hide-covered altar of Uskayaw.
  4230 | D:4      | Noticed a +0 dagger
  4231 | D:4      | Noticed a +0 hand axe
  4705 | D:4      | Found a glowing golden altar of the Shining One.
  4734 | D:5      | Entered Level 5 of the Dungeon
  4735 | D:5      | Upgraded the game from 0.31-a0-188-g5e087ee2ca to
                  | 0.31-a0-196-g86fe4a5e66
  4825 | D:5      | Found a broken altar of Ashenzari.
  4920 | D:5      | Reached skill level 1 in Invocations
  4945 | D:6      | Reached skill level 5 in Fighting
  5075 | D:7      | Reached * piety under Cheibriados
  5090 | D:7      | HP: 1/76 [sky beast (3)]
  5090 | D:7      | Slain by a sky beast

Illustrated notes

Levels and vault maps discovered:
D:1:      amcnicky_arrival_underground_garden, layout_basic
D:2:      cheibrodos_helix_gallery, layout_basic, wad_floor_pattern_untrapped
D:3:      layout_basic, kennysheep_ying_yang,
          nicolae_dithmenos_through_a_glass_darkly,
          ebering_ghost_reflecting_pool, uniq_sigmund
D:4:      dreamdust_elfheim, layout_loops_cross, kennysheep_little_box,
          dancing_weapons_uskayaw, tso_altar, minmay_fire_ice_demons,
          uniq_duvessa
D:5:      layout_basic, lemuel_crystal_altar,
          mainiacjoe_overflow_concentric_impassable,
          mainiacjoe_overflow_tiny_flanked
D:6:      layout_layer_cave, tgw_xom, roderic_nine_men_s_morris,
          minmay_fountain_box
D:7:      layout_cave_pools, grunt_gozag_statues,
          minmay_temple_entry_from_below_a, enter_bailey_3,
          chequers_serial_rivers_room_b, hangedman_decor_points

Skill      XL: |  1  2  3  4  5  6  7  8 |
---------------+-------------------------+-----
Poison Magic   | 5 7 |  7.0
Spellcasting   | 3 4 5 6 |  6.1
Fighting       | 2 4 6 |  6.2
Invocations    | 4 |  4.4
Dodging        | |  1.5
Stealth        | |  3.0
Transmutations | |  1.0

Action                     |  1- 3 |  4- 6 |  7- 9 || total
---------------------------+-------+-------+-------++-------
  Melee: Unarmed           |     2 |       |       ||     2
         Dagger            |     9 |    19 |    63 ||    91
         Punch             |       |       |     1 ||     1
   Cast: Sting             |    34 |    43 |    38 ||   115
         Olgreb's Toxic Ra |       |     5 |    17 ||    22
         Mephitic Cloud    |       |     1 |     7 ||     8
Ability: Spit Poison       |    26 |    27 |    21 ||    74
  Evoke: Wand              |       |       |     3 ||     3
    Use: Potion            |       |       |     1 ||     1
   Stab: Confused          |       |       |     2 ||     2
         Sleeping          |       |       |     1 ||     1
 Armour: Robe              |     6 |     8 |    32 ||    46
  Dodge: Dodged            |    14 |    23 |    39 ||    76

Table legend: (Time is in decaauts)
 A = Elapsed time spent in this place.
 B = Non-inter-level travel time spent in this place.
 C = Inter-level travel time spent in this place.
 D = Time resting spent in this place.
 E = Time spent auto-exploring this place.
 F = Levels seen in this place.
 G = Mean time per level.
                   A        B        C        D        E       F      G
               +--------+--------+--------+--------+--------+-----+--------+
         Total |   6541 |   6385 |    156 |    299 |   5220 |   7 |  934.4 |
       Dungeon |   6541 |   6385 |    156 |    299 |   5220 |   7 |  934.4 |
               +--------+--------+--------+--------+--------+-----+--------+

Top non-repeatable levels by time:
     D:4: 1897 daAuts
     D:2: 1570 daAuts
     D:3: 1522 daAuts
     D:1: 1048 daAuts
     D:5: 293 daAuts
     D:6: 128 daAuts
     D:7: 80 daAuts
